Map: Ultralove

Players

nowwissonn - Winner!

  • Race: Protoss Protoss
  • League: Gold
  • Spawn Location: 1:00

CureShot

  • Race: Terran Terran
  • League: Gold
  • Spawn Location: 7:00

VOD

Have the link to the VOD?

Description

Time

  • Played on: April 12, 2025, 3:05 p.m.
  • Length: 18:05
Show
View Real Time Build Order
Export as new Build Order

nowwissonn Protoss - Winner!

Build Orders:  

Get SALT Encoding   

  12  0:11  Pylon  
  12  0:15  Probe  
  13  0:31  Gateway  
  13  0:34  Probe  
  13  0:42  Assimilator, Probe  
  15  0:52  Assimilator, Probe  
  16  1:04  Probe  
  17  1:16  Probe  
  18  1:19  Cybernetics Core  
  18  1:24  Gateway  
  18  1:28  Probe  
  18  1:31  Pylon  
  19  1:40  Probe  
  20  1:48  Stalker  
  20  1:52  Probe  
  21  1:57  Warp Gate  
  23  2:08  Stalker  
  23  2:13  Zealot  
  27  2:34  Probe  
  28  2:37  Nexus  
  28  2:47  Stalker  
  30  2:57  Twilight Council  
  30  3:00  Pylon  
  30  3:05  Probe  
  31  3:13  Charge  
  31  3:14  Probe  
  32  3:21  Pylon  
  32  3:23  Probe  
  33  3:27  Pylon  
  33  3:45  Robotics Facility  
  33  3:49  Stalker  
  33  3:52  Zealot  
  33  3:53  Probe  
  37  3:56  Probe  
  37  4:01  Probe  
  39  4:08  Probe  
  41  4:11  Probe  
  42  4:20  Stalker, Probe  
  42  4:23  Probe  
  46  4:25  Stalker  
  48  4:32  Probe  
  48  4:35  Probe  
  50  4:39  Assimilator  
  50  4:41  Assimilator  
  50  4:44  Probe  
  51  4:48  Probe  
  51  4:49  Observer  
  53  4:56  Probe  
  54  5:00  Zealot x2, Probe  
  59  5:08  Gateway, Probe  
  59  5:11  Gateway  
  59  5:12  Probe  
  61  5:20  Probe  
  62  5:23  Stalker x2  
  62  5:24  Probe  
  62  5:27  Pylon  
  67  5:29  Pylon  
  67  5:32  Probe  
  67  5:33  Pylon  
  68  5:36  Immortal  
  68  5:40  Probe  
  73  6:05  Stalker x4  
  81  6:14  Forge  
  81  6:15  Observer  
  81  6:16  Forge  
  82  6:19  Pylon  
  82  6:29  Zealot x2  
  82  6:30  Zealot  
  88  6:33  Immortal  
  88  6:37  Protoss Ground Weapons Level 1, Protoss Ground Armor Level 1  
  92  6:51  Stalker x3  
  92  6:52  Stalker  
  100  6:55  Blink  
  100  7:16  Gateway  
  100  7:17  Gateway  
  100  7:20  Gateway  
  100  7:23  Zealot  
  102  7:30  Pylon  
  102  7:32  Pylon  
  102  7:34  Pylon  
  102  7:37  Pylon  
  102  7:47  Dark Shrine  
  102  7:54  Zealot x4  
  110  7:59  Immortal  
  114  8:19  Zealot x5  
  124  8:20  Zealot x2  
  92  8:53  Stalker x2  
  92  8:54  Stalker x5  
  94  9:19  Nexus  
  94  9:22  Stalker x3  
  100  9:32  Pylon  
  100  9:33  Pylon  
  100  9:39  Stalker x2  
  104  9:58  Stalker x3  
  110  10:00  Zealot  
  112  10:09  Zealot x2  
  116  10:14  Zealot  
  116  10:20  Protoss Ground Weapons Level 2  
  118  10:21  Protoss Ground Armor Level 2  
  118  10:29  Zealot x3  
  118  10:30  Zealot  
  118  10:34  Probe x2  
  128  10:36  Probe  
  129  10:46  Probe  
  129  10:47  Probe  
  129  10:48  Probe  
  132  10:55  Observer  
  133  10:59  Probe x2  
  135  11:07  Stalker  
  135  11:08  Stalker x3  
  143  11:24  Zealot x2  
  143  11:25  Zealot  
  149  11:43  Gateway  
  149  11:45  Gateway  
  149  11:46  Gateway  
  149  11:49  Zealot x4  
  149  11:50  Zealot x3  
  163  12:15  Stalker  
  106  12:56  Zealot x4  
  106  12:57  Zealot x6  
  114  13:03  Immortal  
  96  13:32  Immortal  
  80  13:36  Zealot x6  
  80  13:37  Zealot x4  
  80  13:39  Protoss Ground Weapons Level 3, Protoss Ground Armor Level 3  
  102  13:58  Stalker x4  
  102  13:59  Stalker x5  
  102  14:00  Stalker  
  122  14:11  Immortal  
  126  14:19  Nexus  
  126  14:23  Stalker x3  
  126  14:24  Stalker  
  134  14:27  Stalker  
  136  14:32  Pylon  
  136  14:41  Stalker x4  
  144  15:05  Stalker x6  
  106  15:30  Stalker x5  
  106  15:31  Stalker  
  106  15:44  Zealot x3  
  106  15:45  Zealot  
  64  16:18  Zealot x2  
  64  16:19  Zealot x8  
  64  16:25  Probe  
  85  16:29  Assimilator  
  85  16:33  Assimilator  
  85  16:37  Probe  
  86  16:40  Stalker x5  
  96  16:48  Stalker x2  
  100  16:59  Observer  
  101  17:10  Stalker x3  
  101  17:11  Stalker x3  
  113  17:17  Observer  
  112  17:35  Observer  
  97  17:43  Stalker x6  
  97  17:44  Stalker x4  
Show
View Real Time Build Order
Export as new Build Order

CureShot Terran 

Build Orders: 2 Factory, Mech 

Get SALT Encoding   

  12  0:01  SCV  
  13  0:16  Supply Depot  
  13  0:18  SCV  
  14  0:26  Refinery  
  14  0:32  SCV  
  15  0:44  Barracks  
  15  0:46  SCV  
  16  1:00  Supply Depot  
  16  1:01  SCV  
  17  1:14  SCV  
  18  1:32  Factory  
  18  1:34  Orbital Command  
  18  1:52  Barracks Reactor  
  18  2:00  SCV  
  19  2:12  SCV  
  20  2:17  Command Center  
  20  2:24  SCV  
  21  2:36  SCV  
  22  2:38  Widow Mine  
  22  2:39  Widow Mine  
  22  2:43  Marine  
  27  2:48  Refinery  
  27  2:55  Factory  
  27  2:57  Supply Depot  
  27  3:11  Hellion  
  27  3:12  Hellion  
  31  3:15  Barracks Tech Lab  
  31  3:19  SCV  
  32  3:28  Engineering Bay  
  32  3:31  Orbital Command, SCV  
  33  3:39  Hellion  
  35  3:43  Hellion, SCV  
  38  3:52  Siege Tank  
  38  3:53  Orbital Command  
  38  3:55  SCV  
  42  4:13  Widow Mine x2  
  46  4:18  Missile Turret  
  46  4:24  SCV x2  
  46  4:27  Missile Turret  
  48  4:36  SCV x2  
  50  4:43  Supply Depot  
  50  4:44  Supply Depot  
  50  4:48  SCV x2  
  52  5:05  Refinery  
  52  5:08  Siege Tank  
  52  5:09  Factory  
  52  5:10  Hellion x2  
  52  5:12  SCV  
  60  5:24  Refinery, SCV  
  60  5:25  SCV  
  62  5:38  SCV x2  
  62  5:42  Missile Turret  
  64  5:45  Supply Depot  
  64  5:50  Supply Depot, SCV  
  64  5:55  SCV  
  66  6:00  Missile Turret  
  66  6:02  SCV  
  67  6:08  SCV  
  68  6:15  SCV  
  68  6:18  Factory Tech Lab  
  69  6:19  Siege Tank  
  69  6:20  SCV  
  69  6:21  Hellion x2  
  75  6:27  SCV  
  75  6:32  SCV  
  77  6:39  SCV  
  78  6:44  SCV  
  78  6:45  Command Center  
  79  6:54  SCV  
  80  6:56  SCV  
  80  7:00  Supply Depot  
  81  7:06  SCV  
  82  7:10  Siege Tank  
  82  7:15  Missile Turret  
  85  7:17  Armory  
  85  7:21  Siege Tank  
  85  7:22  Hellion x2, SCV x2  
  94  7:23  Armory  
  94  7:37  SCV x2  
  94  7:40  Factory  
  96  7:49  Refinery, SCV  
  87  7:54  Refinery  
  87  7:59  Hellion x2  
  87  8:00  Hellion x2  
  87  8:01  SCV x3  
  98  8:16  Terran Vehicle Weapons Level 1  
  97  8:21  Hellion  
  99  8:33  Missile Turret  
  99  8:35  Hellion  
  95  8:43  Factory Tech Lab  
  95  8:44  Siege Tank x2  
  90  9:01  Supply Depot  
  90  9:07  Supply Depot  
  90  9:15  Hellbat  
  92  9:20  Siege Tank x2  
  92  9:21  Hellbat  
  92  9:23  Planetary Fortress, Hellbat  
  102  9:26  SCV x2  
  105  9:38  SCV  
  105  9:43  SCV  
  105  9:44  Siege Tank  
  109  9:50  SCV  
  110  9:55  SCV  
  110  9:57  Refinery  
  111  10:03  Missile Turret  
  111  10:04  Missile Turret  
  111  10:05  Missile Turret  
  111  10:07  SCV x3  
  113  10:08  Hellbat  
  116  10:17  Supply Depot  
  116  10:27  Supply Depot  
  116  10:28  Supply Depot  
  116  10:30  Supply Depot  
  116  10:34  Terran Vehicle Weapons Level 2  
  116  10:35  Terran Vehicle And Ship Armor Level 1  
  116  10:36  Hellbat, Siege Tank x2, Sensor Tower  
  116  10:39  Hellbat  
  116  10:41  SCV  
  116  10:42  SCV x2  
  129  10:53  Factory  
  129  10:54  Factory  
  129  11:05  Sensor Tower  
  129  11:07  Sensor Tower  
  129  11:10  SCV x2  
  129  11:11  SCV  
  132  11:12  Thor  
  132  11:13  Thor x2  
  132  11:15  Hellbat  
  152  11:22  SCV  
  153  11:29  Missile Turret  
  153  11:31  Missile Turret x2  
  153  11:38  Missile Turret  
  153  11:46  Missile Turret  
  153  11:49  Missile Turret  
  153  11:50  SCV x3  
  153  11:53  Missile Turret  
  156  12:02  SCV  
  156  12:08  Supply Depot, Command Center  
  157  12:12  Supply Depot  
  157  12:26  Supply Depot  
  157  12:29  Supply Depot  
  157  12:30  Thor, Supply Depot, SCV x3  
  157  12:33  Thor, Hellbat  
  157  12:35  Hellbat x2  
  170  12:42  SCV  
  137  12:50  Factory Tech Lab x2  
  106  13:00  Siege Tank  
  106  13:02  Hellbat x2  
  100  13:11  Siege Tank x2  
  88  13:13  Siege Tank  
  88  13:16  Hellbat  
  86  13:37  Siege Tank x2  
  92  14:24  Command Center  
  92  14:28  SCV x2  
  92  14:30  Siege Tank x3  
  103  14:40  SCV  
  103  14:41  SCV  
  103  14:43  Hellbat x2  
  109  14:52  SCV  
  110  14:57  Siege Tank x2  
  116  15:02  Siege Tank  
  92  15:28  Hellbat x4  
  81  15:29  Hellbat x2  
  81  15:34  Hellion  
  78  15:41  Missile Turret  
  78  15:49  Hellbat x3  
  84  15:52  Hellion x9  
  58  16:30  Hellbat x4  
  66  16:55  Refinery  
  66  17:04  Siege Tank x2  
  66  17:06  Siege Tank  
  75  17:13  Planetary Fortress  
  75  17:17  SCV  
Tags
 
Composition
Mech
League
GoldGold
Matchup
PvT
Opening
2 Factory
Spawn Locations
Cross Positions
Add a new tag
Caveats
  • Supply blocks, unpowered buildings, or Contaminate may cause inaccurate times.
  • Supply counts are checked every 10 seconds.